 Dungeon Crawl Stone Soup version 0.16-a0-3691-gf72e470 (webtiles) character file.

176 Gorice the Skirmisher (level 5, 0/47 HPs)
             Began as a Demigod Wanderer on Jan 18, 2015.
             Succumbed to poison (a potion of poison)
             ... on level 2 of the Dungeon.
             The game lasted 00:21:36 (3105 turns).

Gorice the Skirmisher (Demigod Wanderer)            Turns: 3105, Time: 00:21:36

Health: 0/47       AC:  6    Str: 16    XL:     5   Next: 8%
Magic:  13/13      EV: 10    Int: 17    God:
Gold:   179        SH:  0    Dex: 15    Spells: 1 memorised, 8 levels left

rFire  . . .     SeeInvis .     a - +0 spear
rCold  . . .     Clarity  .     i - +1 ring mail
rNeg   . . .     SustAb   +     (no shield)
rPois  .         Gourm    .     (no helmet)
rElec  .         Spirit   .     (no cloak)
rCorr  .         Warding  .     (no gloves)
rMut   .         Stasis   .     (no boots)
MR     .....                    (no amulet)
Stlth  +.........               (no ring)
                                (no ring)

@: lethally poisoned, very slightly contaminated, invisible, not resistant to
hostile enchantments, very unstealthy
A: sustain abilities
a: no special abilities


You were on level 2 of the Dungeon.
You were not hungry.

You visited 1 branch of the dungeon, and saw 4 of its levels.

You collected 179 gold pieces.

Inventory:

Hand weapons
 a - a +0 spear (weapon)
 b - a +0 hunting sling
 k - a +0 scimitar
Missiles
 h - 7 poisoned needles
 Z - 69 stones (quivered)
Armour
 i - a +1 ring mail (worn)
Scrolls
 d - 5 scrolls of identify
 e - a scroll of enchant armour
 l - a scroll of magic mapping
 r - a scroll of recharging
Potions
 p - a potion of invisibility
 s - a potion of resistance
Books
 v - a book of Conjurations
Comestibles
 f - a bread ration
 g - 2 fruits
 n - a meat ration


   Skills:
 - Level 4.5 Fighting
 + Level 3.0 Polearms
 + Level 2.9 Spellcasting
 - Level 2.6 Conjurations
   Level 1.7 Evocations


You had 8 spell levels left.
You knew the following spells:

 Your Spells              Type           Power        Failure   Level  Hunger
a - Magic Dart            Conj           ##..         14%         1    #......


Dungeon Overview and Level Annotations

Branches:
Dungeon (4/15)
 Temple: D:4-7

Annotations:
D:2 Purgy
D:3 Jessica; Natasha; Sigmund
D:4 Blork the orc; ConnectionFaild's ghost, experienced SpAr; Pikel


Innate Abilities, Weirdness & Mutations

Your attributes are resistant to harm.


Message History

Unknown command.
Drink which item? (? for menu, Esc to quit)
Okay, then.
Drink which item? (? for menu, Esc to quit)
You fade into invisibility!
Purgy barely misses you. Purgy claws you but does no damage.
Purgy claws you but does no damage.
You are very lightly contaminated with residual magic.
Unknown command.
Unknown command.
Drink which item? (? for menu, Esc to quit)
It was a potion of poison.
That liquid tasted very nasty...
You are lethally poisoned!
* * * LOW HITPOINT WARNING * * *
You feel sick. Purgy closely misses you. Purgy closely misses you.
Purgy barely misses you.
You barely miss Purgy.
Purgy is heavily wounded.
You die...

#...# #...##.....#
###########.#########.#........#
....).........)......>......####
###########.##########=.##..#
########............##..##..#
..............#####<........#
..####..#...#.#####..#..###.#
#......###..............# #.#
######..#.......@T>..##.# #.#
######....###.#####.###.###.#
.....#.#.## #...............#
####.#.#.#########..#########
#.#.#............#
#...###########.##
#.#############.# ####.#
#.........รท.#
.....###.###########


You could see Purgy.

Vanquished Creatures
  A worker ant (D:4)
  5 adders
  A giant mite (D:1)
  4 worms
  3 giant geckos
  2 orcs
  11 bats
  5 giant cockroaches
  11 goblins
  7 hobgoblins
  A quokka (D:3)
  2 giant newts (D:2)
  4 jackals (D:1)
  8 kobolds
  5 rats
70 creatures vanquished.

Notes
Turn   | Place    | Note
--------------------------------------------------------------
     0 | D:1      | Gorice, the Demigod Wanderer, began the quest for the Orb.
     0 | D:1      | Gorice set off with: a book of Conjurations, a +0 spear, a potion of curing, a +0 robe, a bread ration
     0 | D:1      | Reached XP level 1. HP: 22/22 MP: 2/2
   103 | D:1      | Learned a level 1 spell: Magic Dart
   121 | D:1      | Reached skill level 1 in Polearms
   174 | D:1      | Reached XP level 2. HP: 19/28 MP: 3/3
   218 | D:1      | Reached skill level 1 in Spellcasting
   834 | D:1      | Reached XP level 3. HP: 27/34 MP: 1/6
  1014 | D:2      | Found a glowing golden altar of the Shining One.
  1203 | D:1      | Reached skill level 2 in Polearms
  1376 | D:2      | Reached skill level 2 in Spellcasting
  1499 | D:2      | Reached XP level 4. HP: 37/41 MP: 1/10
  2069 | D:3      | Found a white marble altar of Elyvilon.
  2174 | D:3      | Noticed Jessica
  2174 | D:3      | Noticed Natasha
  2213 | D:4      | Reached skill level 3 in Polearms
  2213 | D:4      | Reached XP level 5. HP: 10/47 MP: 10/13
  2583 | D:4      | Found a radiant altar of Vehumet.
  2619 | D:4      | Noticed ConnectionFaild's ghost (experienced SpAr)
  2661 | D:4      | Noticed Pikel
  2661 | D:4      | Noticed a slave
  2661 | D:4      | Noticed a slave
  2662 | D:4      | Noticed a slave
  2662 | D:4      | Noticed a slave
  2666 | D:4      | Noticed Blork the orc
  2682 | D:3      | Noticed an ogre
  3076 | D:3      | Noticed Purgy
  3081 | D:3      | Noticed Sigmund
  3100 | D:2      | HP: 2/47 [Purgy (2)]
  3105 | D:2      | Succumbed to poison (a potion of poison)

Action                   |  1- 3 |  4- 6 || total
-------------------------+-------+-------++-------
Melee: Spear             |    97 |   152 ||   249
 Cast: Magic Dart        |    55 |    36 ||    91
  Use: Scroll            |     3 |    11 ||    14
       Potion            |       |     4 ||     4
  Eat: Chunk             |     3 |     6 ||     9

Table legend:
 A = Turns spent in this place as a percentage of turns spent in the entire game.
 B = Non-inter-level travel turns spent in this place as a percentage of non-inter-level travel turns spent in the entire game.
 C = Inter-level travel turns spent in this place as a percentage of turns spent in this place.
 D = Turns resting spent in this place as a percentage of non-inter-level travel turns spent in this place.
 E = Turns spent auto-exploring this place as a percentage of non-inter-level travel turns spent in this place.
 F = Non-inter-level travel turns spent in this place divided by the number of levels of this place that you've seen.
                   A       B       C       D       E      F
               +-------+-------+-------+-------+-------+----------------------
         Total | 100.0 | 100.0 |   0.4 |   1.8 |   4.9 | 300.0
       Dungeon | 100.0 | 100.0 |   0.4 |   1.8 |   4.9 | 300.0
               +-------+-------+-------+-------+-------+----------------------

Vault maps used:
D:1:      dpeg_arrival_orchard
D:2:      tso_metal_star, dk_noncrumbling_2
D:3:      grunt_temple_overflow_opulence, overflow_temple_1_default,
          minmay_misc_feat_alley, kennysheep_generic_room_5, uniq_jessica,
          uniq_sigmund, uniq_natasha, uniq_purgy
D:4:      mumra_celtic_spiral_tile, nicolae_overflow_crystal_walls, first_bread,
          uniq_blork_the_orc, uniq_eustachio, uniq_pikel
